 Dungeon Crawl Stone Soup version 0.18-a0-1426-g3b9a63c (webtiles) character file.

302 GrosslyIncandescent the Skirmisher (level 6, 0/51 HPs)
             Began as a Mummy Monk on Feb 27, 2016.
             Slain by an orc
             ... wielding a +0 club
              (1 damage)
             ... on level 4 of the Dungeon.
             The game lasted 00:08:01 (6292 turns).

GrosslyIncandescent the Skirmisher (Mummy Monk)     Turns: 6292, Time: 00:08:01

Health: 0/51       AC:  0    Str: 15    XL:     6   Next: 14%
Magic:  6/6        EV: 13    Int:  9    God:
Gold:   207        SH:  0    Dex: 16    Spells: 0 memorised, 5 levels left

rFire  x . .     SeeInvis .       - Unarmed
rCold  + . .     Gourm    .     (no armour)
rNeg   + + +     Faith    .     (no shield)
rPois  ∞         Spirit   .     (no helmet)
rElec  .         Dismiss  .     (no cloak)
rCorr  .         Reflect  .     (no gloves)
SustAt +         Harm     .     (no boots)
MR     .....                    (no amulet)
Stlth  ++........               (no ring)
                                a - ring of sustain attributes

@: not resistant to hostile enchantments, unstealthy
A: no food or potions, fire vulnerability, cold resistance 1, negative energy
resistance 3, torment resistance, unbreathing
a: no special abilities


You were on level 4 of the Dungeon.
You were not hungry.

You visited 1 branch of the dungeon, and saw 4 of its levels.

You collected 207 gold pieces.


Innate Abilities, Weirdness & Mutations

You do not eat or drink.
Your flesh is vulnerable to fire.
You are immune to poison.
Your flesh is cold resistant.
You are immune to negative energy.
You are immune to unholy pain and torment.
You can survive without breathing.


   Skills:
 + Level 5.2 Fighting
 - Level 2.4 Dodging
 - Level 1.5 Stealth
 - Level 5.0 Unarmed Combat


You had 5 spell levels left.
You didn't know any spells.

Inventory:

Jewellery
 a - a ring of sustain attributes (left hand)
 h - an uncursed ring of wizardry
Scrolls
 b - a scroll of fog {unknown}
 c - 2 scrolls of enchant armour {unknown}
 d - 4 scrolls of identify {unknown}
 e - 3 scrolls of remove curse {unknown}
 f - 2 scrolls of teleportation {unknown}
 g - a scroll of magic mapping {unknown}
 i - a scroll of enchant weapon {unknown}
 j - a scroll of noise {unknown}
 k - a scroll of recharging {unknown}

Dungeon Overview and Level Annotations

Branches:
Dungeon (4/15)
 Temple: D:4-7

Altars:
Elyvilon
Trog

Annotations:
D:2 exclusion: door
D:3 !Badxp, Terence
D:4 exclusions: ogre and orc wizard

▒▒▒▒ ▒▒▒▒▒▒▒▒▒▒▒▒▒▒▒▒▒▒▒▒▒▒▒▒
...▒ ▒................▒.....▒
...▒ ▒................▒.....▒
..▒▒▒▒▒▒▒▒▒▒▒▒▒▒.▒▒..▒▒.▒▒▒▒▒.▒▒▒
..▒............▒<▒▒..▒▒.▒▒.▒▒....
..▒............▒............'[...
..+............'............▒..▒.
..▒............▒▒▒▒▒+▒▒....▒▒..▒.
..▒▒▒▒▒▒'▒......M.....▒'▒▒▒▒▒..▒.
.........▒▒▒▒▒▒.o#....▒....▒...+.
..........▒...▒.......▒....▒...▒.
....oo....+...)<......▒....▒...▒.
...▒▒▒▒..▒▒▒▒▒▒.......▒.▒▒▒▒▒▒'▒.
)..▒▒▒▒..▒▒....o▒▒▒▒▒▒▒.▒ ▒....
.o....▒...▒.....'.......▒ ▒....
......▒...▒.....▒.......▒ ▒....
......▒...+.....▒.......▒ ▒....


You could see an orc wizard and an orc.


Message History

You beat the orc wizard but do no damage!
The orc wizard is lightly wounded!
The orc wizard gestures wildly while chanting!
The orc wizard seems to speed up!
The orc hits you with a club! * * * don't die
* * * You closely miss the orc wizard!
The orc wizard is lightly wounded!
The orc wizard hits you with a dagger! * * * don't die
* * * The orc misses you!
The orc wizard mumbles some strange words!
The orc wizard blinks!!!
The orc wizard casts a spell at you!
The magic dart hits you!!! * * * don't die
* * * You pummel the orc like a punching bag!
The orc is moderately wounded!
You pulverise the orc wizard!
The orc wizard is moderately wounded!
The orc wizard hits you with a dagger! * * * don't die
* * * The orc hits you with a club! * * * don't die
* * * The orc wizard casts a spell at you!
The magic dart hits you!!! * * * don't die
* * * Unknown command!
The orc wizard mumbles some strange words!
The orc wizard blinks!!!
The orc hits you with a club! rip

Action                   |  1- 3 |  4- 6 || total
-------------------------+-------+-------++-------
Melee: Unarmed           |   130 |   213 ||   343
 Stab: Sleeping          |     3 |       ||     3

Vault maps used:
D:1:      eino_arrival_water_star
D:2:      lightli_temple_of_fire, minmay_misc_feat_four_crosses,
          amalloy_card_club
D:3:      lemuel_crystal_altar, ecumenical_altar_1, uniq_terence
D:4:      kennysheep_mini_moat, uniq_eustachio

Notes
Turn   | Place    | Note
--------------------------------------------------------------
     0 | D:1      | GrosslyIncandescent the Mummy Monk began the quest for the Orb.
     0 | D:1      | Reached XP level 1. HP: 18/18 MP: 1/1
   246 | D:1      | Reached XP level 2. HP: 24/24 MP: 2/2
  1084 | D:1      | Reached skill level 4 in Unarmed Combat
  1084 | D:1      | Reached XP level 3. HP: 24/29 MP: 3/3
  1145 | D:2      | HP: 2/29 [worm (3)]
  2144 | D:2      | Reached XP level 4. HP: 35/35 MP: 4/4
  3099 | D:2      | Reached skill level 5 in Unarmed Combat
  3240 | D:2      | Found a bloodstained altar of Trog.
  3935 | D:3      | Reached XP level 5. HP: 33/41 MP: 5/5
  4030 | D:3      | Noticed Terence
  4328 | D:3      | Noticed Sagrath01's ghost (amateur DEWz)
  4823 | D:4      | Reached skill level 4 in Fighting
  5179 | D:4      | Noticed an ogre
  5810 | D:3      | Found a white marble altar of Elyvilon.
  5853 | D:3      | Found a faded altar to an unknown god.
  5938 | D:3      | Killed Sagrath01's ghost
  5938 | D:3      | Reached skill level 5 in Fighting
  5938 | D:3      | Reached XP level 6. HP: 19/51 MP: 6/6
  6291 | D:4      | HP: 1/51 [orc wizard/magic dart (6)]
  6292 | D:4      | Slain by an orc

Vanquished Creatures
  The ghost of Sagrath01 the Conjurer, an amateur DEWz of Kikubaaqudgha (D:3)
  2 worker ants (D:4)
  2 gnolls
  8 adders
  An ooze (D:2)
  2 worms
  A dart slug (D:1)
  2 giant geckos (D:3)
  3 orcs
  3 giant cockroaches
  9 goblins
  13 hobgoblins
  2 jackals (D:3)
  10 kobolds
  4 quokkas
  3 ball pythons
  5 bats
  A giant gecko skeleton (D:3)
  5 giant newts
  8 rats
85 creatures vanquished.
